 Dungeon Crawl Stone Soup version 0.22-a0-161-g198051c (webtiles) character file.

447 wolfsongas the Insei (level 7, -3/43 HPs)
             Began as an Octopode Transmuter on Feb 10, 2018.
             Slain by a gnoll sergeant zombie
             ... wielding a +2 trident of venom
              (8 damage)
             ... on level 4 of the Dungeon.
             The game lasted 00:10:53 (5354 turns).

wolfsongas the Insei (Octopode Transmuter)          Turns: 5354, Time: 00:10:54

Health: -3/43      AC:  1    Str:  8 (9)  XL:     7   Next: 3%
Magic:  10/11      EV: 19    Int: 13 (15) God:
Gold:   74         SH:  0    Dex: 18 (20) Spells: 6/12 levels left

rFire    + . .     SeeInvis .     - Unarmed
rCold    + . .     Gourm    .   (no shield)
rNeg     . . .     Faith    .   (helmet restricted)
rPois    +         Spirit   .   d - amulet of rage
rElec    +         Reflect  .   (no ring)
rCorr    +         Harm     .   (no ring)
MR       .....                  (no ring)
Stlth    ++++......             (no ring)
HPRegen  0.14/turn              (no ring)
MPRegen  0.12/turn              (no ring)
                                (no ring)
                                (no ring)

@: agile, lethally poisoned (-3 -> -7), appendage, resistant
A: almost no armour, stealthy swim, amphibious, 8 rings, constrict 8, tentacle
spike 3, camouflage 1, gelatinous body 1
a: End Transformation, Evoke Berserk Rage


You were on level 4 of the Dungeon.
You were not hungry.
One of your tentacles had a temporary spike.
You visited 1 branch of the dungeon, and saw 4 of its levels.

You collected 74 gold pieces.

Inventory:

Missiles
 n - 19 arrows
Jewellery
 d - an amulet of rage (around mantle)
Wands
 f - a wand of flame (17)
Scrolls
 e - a scroll of enchant armour
 j - 2 scrolls of enchant weapon
 k - a scroll of remove curse
Potions
 a - a potion of curing
 g - 2 potions of degeneration
 l - 2 potions of brilliance {unknown}
Books
 b - a book of Changes

   Spells                             Type                      Level
   a - Beastly Appendage              Transmutation                1
   b - Sticks to Snakes               Transmutation                2
   c - Spider Form                    Transmutation/Poison         3
   d - Ice Form                       Ice/Transmutation            4
   e - Blade Hands                    Transmutation                5
Comestibles
 c - 3 rations
 h - 4 chunks of flesh


   Skills:
 - Level 1.0 Fighting
 - Level 2.0 Dodging
 * Level 6.1 Unarmed Combat
 + Level 3.1 Spellcasting
 + Level 4.1 Transmutations


You had 6 spell levels left.
You knew the following spells:

 Your Spells              Type           Power        Failure   Level  Hunger
a - Beastly Appendage     Tmut           ##....       4%          1    #......
b - Sticks to Snakes      Tmut           ##......     6%          2    ##.....
c - Spider Form           Tmut/Pois      #.........   28%         3    ###....


Dungeon Overview and Level Annotations

Branches:
Dungeon (4/15)
 Temple: D:4-7

Altars:
Fedhas
Xom

Annotations:
D:4 1 transporter


Innate Abilities, Weirdness & Mutations

You cannot wear most types of armour.
You are very stealthy in the water. (Stealth+)
You are amphibious.
You can wear up to eight rings at the same time.
You can use your tentacles to constrict eight enemies at once.
Your skin changes colour to match your surroundings (Stealth+).
Your rubbery body absorbs attacks. (AC +1, EV +1)
One of your tentacles bears a large vicious spike.


Message History

* * * LOW HITPOINT WARNING * * *
The gnoll sergeant zombie misses you.
You bludgeon the orc warrior zombie!
Your tentacle spike misses the orc warrior zombie.
Your squeeze misses the orc warrior zombie.
The orc warrior zombie is almost destroyed.
You constrict the orc warrior zombie.
You destroy the orc warrior zombie!
You feel sick.
It was a potion of degeneration.
There was something very wrong with that liquid.
You feel weakened.
You feel dopey.
You feel clumsy.
The gnoll sergeant zombie hits you from afar with a trident of venom.
* * * LOW HITPOINT WARNING * * *
It was a potion of agility.
You feel agile all of a sudden.
* * * LOW HITPOINT WARNING * * *
You feel sick.
The gnoll sergeant zombie hits you from afar with a trident of venom!
You die...

.... #... ..$ #... ### ..##
#<.. ##.. #######..# #...
#..########§§§§§#..# #...
##..#§§§§§§#§§§§§#..###...
#...#§§§§§§#§§§§§#...##...
#...#§§#.#)§§§.$%#........
#..©#§§©.@)Z§..$©#©.....## ###
#...#§§#.#.§§§.))#......#.
#..)##...#§§§§§§#§§§§§#...#....
.......).#§§§§§§#§§§§§#..##..#.
..#.....#########..§§§#..##.##.
#...#.........#######..#..##.
##.......................###.
.........#####.................
#....###.# ##....#.......###.


You could see a gnoll sergeant zombie.

Vanquished Creatures
  The ghost of wolfsongas the Insei, an amateur OpTm of Okawaru (D:3)
  3 orc priests
  A jelly (D:2)
  2 orc wizards (D:3)
  2 orc zombies (D:4)
  2 adders (D:3)
  4 worms
  4 dart slugs
  4 leopard geckos
  13 orcs
  7 giant cockroaches
  6 goblins
  10 hobgoblins
  An iguana (D:2)
  9 jackals
  5 kobolds
  2 quokkas (D:4)
  7 bats
  3 frilled lizards
  A quokka skeleton (D:4)
  6 rats
93 creatures vanquished.

Vanquished Creatures (collateral kills)
  A jelly (D:2)
  A rat (D:2)
2 creatures vanquished.

Vanquished Creatures (others)
  A leopard gecko (D:4)
1 creature vanquished.

Grand Total: 96 creatures vanquished

Notes
Turn   | Place    | Note
-------+----------+-------------------------------------------
     0 | D:1      | wolfsongas the Octopode Transmuter began the quest for the Orb.
     0 | D:1      | Reached XP level 1. HP: 13/13 MP: 3/3
   391 | D:1      | Reached XP level 2. HP: 16/18 MP: 5/5
   947 | D:1      | Reached XP level 3. HP: 16/23 MP: 4/6
  1080 | D:1      | Learned a level 2 spell: Sticks to Snakes
  1330 | D:2      | Reached skill level 4 in Unarmed Combat
  1331 | D:2      | Found a shimmering altar of Xom.
  1513 | D:2      | Reached XP level 4. HP: 6/28 MP: 7/7
  1916 | D:2      | Found a blossoming altar of Fedhas.
  2712 | D:3      | Reached XP level 5. HP: 22/33 MP: 6/8
  2903 | D:3      | Noticed wolfsongas's ghost (amateur OpTm)
  2931 | D:3      | HP: 1/49 [wolfsongas's ghost (5)]
  2932 | D:3      | Killed wolfsongas's ghost
  2932 | D:3      | Reached skill level 5 in Unarmed Combat
  2932 | D:3      | Reached XP level 6. HP: 2/38 MP: 3/9
  3966 | D:3      | Learned a level 3 spell: Spider Form
  5118 | D:4      | Reached skill level 6 in Unarmed Combat
  5261 | D:4      | Found a transporter.
  5322 | D:4      | Found a transporter.
  5346 | D:4      | Reached XP level 7. HP: 35/43 MP: 11/11
  5354 | D:4      | Slain by a gnoll sergeant zombie

Vault maps used:
D:1:      nagdon_arrival_zigzag_paths
D:2:      fedhas_altar_2, first_ration, dk_xom_monty_hall
D:3:      hangedman_glass_teeth
D:4:      gammafunk_cloud_chamber, lemuel_coloured_pillars_altar,
          zin_scriptorium, lemuel_temple_firewalk_b

Skill      XL: |  1  2  3  4  5  6 |
---------------+-------------------+-----
Unarmed Combat | 4 5 6 |  6.1
Transmutations | 3 4 |  4.1
Spellcasting   | 3 |  3.1
Fighting       | |  1.0
Dodging        | |  2.0

Action                   |  1- 3 |  4- 6 |  7- 9 || total
-------------------------+-------+-------+-------++-------
Melee: Unarmed           |    62 |   144 |     3 ||   209
       Constrict         |    20 |    39 |     1 ||    60
       Tentacles         |    10 |    24 |     1 ||    35
       Kick              |    10 |    23 |     2 ||    35
       Punch             |     3 |     7 |       ||    10
 Cast: Beastly Appendage |    13 |    20 |     1 ||    34
       Sticks to Snakes  |       |    14 |       ||    14
Evoke: Wand              |       |     1 |       ||     1
  Use: Scroll            |     1 |     7 |       ||     8
       Potion            |       |     3 |     4 ||     7
 Stab: Sleeping          |     2 |     6 |       ||     8
  Eat: Chunk             |     2 |     2 |       ||     4
       Ration            |       |     4 |       ||     4
Armor: Skin              |     8 |    10 |       ||    18
Dodge: Dodged            |    43 |    84 |     3 ||   130

Table legend:
 A = Spawn XP
 B = Non-spawn XP
 C = Spawn XP percentage of total XP
 D = Spawn monster count
 E = Non-spawn monster count
 F = Spawn count percentage of total count
 G = Total turns spent on level
                    A         B        C        D         E        F      G
               +---------+---------+-------+---------+---------+-------+---------
         Total |       0 |     639 |   0.0 |       0 |      95 |   0.0 |  5354
               +---------+---------+-------+---------+---------+-------+---------
           D:1 |       0 |      41 |   0.0 |       0 |      21 |   0.0 |  1265
           D:2 |       0 |     115 |   0.0 |       0 |      24 |   0.0 |  1656
           D:3 |       0 |     382 |   0.0 |       0 |      34 |   0.0 |  1856
           D:4 |       0 |     101 |   0.0 |       0 |      16 |   0.0 |   577
               +---------+---------+-------+---------+---------+-------+---------
